 Dungeon Crawl Stone Soup version 0.24.0-123-gd5b16e6ec5 (webtiles) character file.

Game seed: 15420398206895348767, levelgen mode: deterministic

1507 McKennaii the Summoner (level 8, -8/41 HPs)
             Began as a Deep Elf Summoner on Jan 1, 2020.
             Was an Initiate of Sif Muna.
             Mangled by an orc warrior
             ... wielding a +0 scimitar
              (20 damage)
             ... on level 7 of the Dungeon.
             The game lasted 00:20:37 (7780 turns).

McKennaii the Summoner (Deep Elf Summoner)          Turns: 7780, Time: 00:20:38

Health: -8/41      AC:  5    Str:  5    XL:     8   Next: 52%
Magic:  8/20       EV: 15    Int: 23    God:    Sif Muna [......]
Gold:   288        SH:  0    Dex: 15    Spells: 8/20 levels left

rFire    . . .     SeeInvis +   u - +4 trident
rCold    . . .     Gourm    .   (no shield)
rNeg     . . .     Faith    .   a - +0 robe
rPois    +         Spirit   .   (no helmet)
rElec    .         Reflect  .   (no cloak)
rCorr    .         Harm     .   D - +1 pair of gloves
MR       .....                  v - +0 pair of boots
Stlth    +++.......             (no amulet)
HPRegen  0.13/turn              f - ring of see invisible
MPRegen  0.17/turn              s - ring of poison resistance

@: very slightly contaminated
A: no striking features
a: Renounce Religion


You were on level 7 of the Dungeon.
You worshipped Sif Muna.
Sif Muna was noncommittal.
You were very hungry.

You visited 2 branches of the dungeon, and saw 8 of its levels.

You collected 288 gold pieces.

Inventory:

Hand Weapons
 d - a +2 dagger of venom
 u - a +4 trident (weapon)
Armour
 a - a +0 robe (worn)
 v - a +0 pair of boots (worn)
 D - a +1 pair of gloves (worn)
Jewellery
 f - a ring of see invisible (left hand)
 s - a ring of poison resistance (right hand)
 w - an uncursed ring of fire
Wands
 y - a wand of flame (28)
Scrolls
 b - 8 scrolls of identify
 g - 2 scrolls of remove curse
 l - a scroll of noise {unknown}
 q - 2 scrolls of magic mapping
 t - a scroll of immolation {unknown}
 x - a scroll of blinking {unknown}
 B - a scroll of acquirement {unknown}
Potions
 e - 3 potions of curing
 h - 2 potions of brilliance {unknown}
 i - 2 potions of lignification {unknown}
 j - 3 potions of haste {unknown}
 k - a potion of degeneration {unknown}
 m - 2 potions of flight {unknown}
 n - a potion of resistance {unknown}
 o - a potion of cancellation {unknown}
 r - a potion of ambrosia {unknown}
 z - a potion of might {unknown}
 A - a potion of heal wounds {unknown}
Comestibles
 c - 10 rations


   Skills:
 + Level 3.0 Polearms
 + Level 4.7 Dodging
 + Level 5.9 Stealth
 + Level 6.6 Spellcasting
 * Level 8.5 Summonings
 + Level 0.5 Ice Magic
 + Level 0.4 Air Magic


You had 8 spell levels left.
You knew the following spells:

 Your Spells              Type           Power        Failure   Level  Hunger
a - Summon Small Mammal   Summ           ####         1%          1    None
b - Call Canine Familiar  Summ           #####...     1%          3    None
c - Summon Lightning Spi  Summ/Air       ####....     12%         4    ###....
d - Summon Ice Beast      Ice/Summ       ####....     12%         4    ###....

Your spell library contained the following spells:

 Spells                   Type           Power        Failure   Level  Hunger
 Call Imp                 Summ           #####...     1%          2    None
 Summon Guardian Golem    Hex/Summ       ####....     4%          3    None
 Animate Skeleton         Necr           N/A          8%          1    None
 Apportation              Tloc           #.....       8%          1    None
 Confusing Touch          Hex            #.....       8%          1    None


Dungeon Overview and Level Annotations

Branches:
Dungeon (7/15)             Temple (1/1) D:5

Altars:
Ashenzari
Dithmenos
Elyvilon
Hepliaklqana
Makhleb
Nemelex Xobeh
Sif Muna
Trog
Vehumet
Xom
Yredelemnul
Zin

Shops:
D:4 *   D:5 ?%

Annotations:
D:6 2 transporters, jaiteiro's ghost, amateur FoHu


Message History

The centaur hits your ice beast but does no damage.
The orc warrior hits you with a +0 scimitar!
Your ice beast hits the centaur.
Your ice beast freezes the centaur!
A worker ant comes into view.
The centaur hits your ice beast.
You barely miss the orc warrior.
The orc warrior is almost dead.
Your ice beast hits the centaur but does no damage.
The orc warrior completely misses you.
Your ice beast barely misses the orc.
Unknown command.
You barely miss the orc warrior.
The orc warrior is almost dead.
The orc warrior hits you with a +0 scimitar!!
Ouch! That really hurt!
* * * LOW HITPOINT WARNING * * *
The orc hits your ice beast but does no damage.
Your ice beast barely misses the orc.
It was a potion of curing.
You feel better.
The orc warrior hits you with a +0 scimitar!!
You die...

#########...#
(..<....#.##
########.#####..####
..#.. #.....# #.#.#
##.##.# #.#.# #..#.#
#.#.# ##.#.#
#.####o#Y############...#
#.....aooo@..........####
..####.#c#############
...#)# ###..o. +....#
#..... ###.... #.(..
#oo...


You could see an orc warrior, a centaur, a worker ant, an orc priest, 2 orcs and
a friendly ice beast.

Vanquished Creatures
  A spatial vortex (D:5)
  A slave (D:5)
  A centaur (D:6)
  2 bullfrogs (D:6)
  A howler monkey (D:6)
  A hound (D:6)
  An orc priest (D:2)
  An orc wizard (D:5)
  2 centaur skeletons
  An iguana (D:6)
  2 worker ants
  A hound zombie (D:5)
  A hound skeleton (D:4)
  3 adders
  A shadow imp (D:5)
  3 adder skeletons
  2 worms (D:3)
  4 dart slugs
  4 leopard geckos
  8 orcs
  4 bats (D:1)
  4 giant cockroaches
  7 goblins
  5 hobgoblins
  10 jackals
  2 kobolds
  A quokka (D:2)
  3 ball pythons
  4 frilled lizards
  2 jackal skeletons
  A leopard gecko zombie (D:5)
  3 rats
87 creatures vanquished.

Vanquished Creatures (collateral kills)
  Pikel (D:5)
  Sigmund (D:5)
  An orc warrior (D:6)
  A slave (D:5)
  A phantom (D:5)
  3 ogres
  A bullfrog (D:6)
  A scorpion (D:5)
  A howler monkey (D:4)
  A hound (D:5)
  4 orc priests
  2 worker ants
  2 orc wizards
  A killer bee zombie (D:6)
  A howler monkey zombie (D:5)
  2 adders (D:6)
  3 worms
  A dart slug (D:1)
  A leopard gecko (D:2)
  10 orcs
  A giant cockroach (D:6)
  2 goblins
  A hobgoblin (D:3)
  8 jackals
  A ball python (D:3)
  2 kobolds (D:1)
  3 rats (D:1)
57 creatures vanquished.

Grand Total: 144 creatures vanquished

Notes
Turn   | Place    | Note
-------+----------+-------------------------------------------
     0 | D:1      | McKennaii the Deep Elf Summoner began the quest for the
                  | Orb.
     0 | D:1      | Reached XP level 1. HP: 10/10 MP: 6/6
   306 | D:1      | Reached XP level 2. HP: 3/15 MP: 8/8
   715 | D:1      | Reached skill level 5 in Summonings
  1090 | D:1      | Reached XP level 3. HP: 19/19 MP: 7/9
  1702 | D:2      | Learned a level 3 spell: Call Canine Familiar
  1828 | D:2      | Reached XP level 4. HP: 24/24 MP: 11/11
  3047 | D:3      | Learned a level 4 spell: Summon Lightning Spire
  3200 | D:3      | Reached XP level 5. HP: 28/28 MP: 7/13
  3527 | D:4      | Found Poyskal's General Store.
  3597 | D:4      | Reached skill level 6 in Summonings
  4006 | D:4      | Noticed an ogre
  4014 | D:4      | Killed an ogre
  4014 | D:4      | Reached XP level 6. HP: 8/32 MP: 8/14
  4586 | D:5      | Entered Level 5 of the Dungeon
  4608 | D:5      | Found Xeppa's Food Shoppe.
  4800 | D:5      | Noticed a slave
  4801 | D:5      | Noticed a slave
  4803 | D:5      | Noticed a slave
  4831 | D:5      | Killed a slave
  4850 | D:5      | Killed a slave
  4923 | D:5      | Noticed Pikel
  4931 | D:5      | Noticed a slave
  4937 | D:5      | Noticed a spatial vortex
  4940 | D:5      | Killed Pikel
  4940 | D:5      | Reached skill level 1 in Polearms
  4940 | D:5      | Reached skill level 5 in Stealth
  4940 | D:5      | Reached skill level 5 in Spellcasting
  4940 | D:5      | Reached skill level 7 in Summonings
  4940 | D:5      | Reached XP level 7. HP: 21/36 MP: 4/17
  4949 | D:5      | Killed a spatial vortex
  4956 | D:5      | Found Vougoad's Magic Scroll Shoppe.
  5655 | D:5      | Found a staircase to the Ecumenical Temple.
  5664 | Temple   | Entered the Ecumenical Temple
  5679 | Temple   | Became a worshipper of Sif Muna the Loreminder
  5724 | D:5      | Noticed Sigmund
  5730 | D:5      | Killed Sigmund
  6019 | D:6      | Reached XP level 8. HP: 29/41 MP: 18/18
  6094 | D:6      | HP: 2/41 [orc priest/divine providence (10)]
  6698 | D:6      | Reached skill level 8 in Summonings
  7176 | D:6      | Found a glowing silver altar of Zin.
  7207 | D:6      | Noticed a hornet
  7232 | D:6      | Learned a level 4 spell: Summon Ice Beast
  7240 | D:6      | Found a transporter.
  7242 | D:6      | Noticed jaiteiro's ghost (amateur FoHu)
  7244 | D:6      | Found a transporter.
  7780 | D:7      | Mangled by an orc warrior

Levels and vault maps discovered:
D:1:      saegor_arrival_simple_d, layout_loops_cross
D:2:      cheibrodos_pilgrimage, layout_rooms
D:3:      layout_loops_cross
D:4:      layout_loops_cross, serial_shops, shop
D:5:      layout_loops_cross, temple_fountains, serial_shops, shop,
          nicolae_shop_waterfront, first_ration, minmay_small_thing, uniq_pikel,
          uniq_sigmund
D:6:      layout_basic, zin_statuary, gammafunk_ghost_hive
D:7:      wad_woods_stonehenge, layout_basic, nicolae_overflow_crystal_walls,
          gammafunk_temple_overflow_statue
Temple:   eino_narrow_crystal_temple

Skill      XL: |  1  2  3  4  5  6  7  8 |
---------------+-------------------------+-----
Summonings     | 5 6 7 8 |  8.5
Dodging        | 3 4 |  4.7
Stealth        | 3 4 5 |  5.9
Spellcasting   | 4 5 6 |  6.6
Polearms       | 1 2 3 |  3.0
Ice Magic      | |  0.5
Air Magic      | |  0.4

Action                   |  1- 3 |  4- 6 |  7- 9 || total
-------------------------+-------+-------+-------++-------
Melee: Dagger            |    65 |   124 |       ||   189
       Unarmed           |    11 |       |       ||    11
       Trident           |       |    40 |   128 ||   168
 Cast: Summon Small Mamm |    16 |     2 |       ||    18
       Call Canine Famil |     2 |    15 |    12 ||    29
       Summon Lightning  |       |     2 |     5 ||     7
       Summon Ice Beast  |       |       |     2 ||     2
  Use: Scroll            |       |       |     5 ||     5
       Potion            |       |       |     1 ||     1
 Stab: Sleeping          |     6 |    10 |     4 ||    20
       Distracted        |       |     1 |     4 ||     5
  Eat: Chunk             |     3 |     6 |     4 ||    13
       Ration            |       |     1 |     2 ||     3
Armor: Robe              |    12 |    22 |    16 ||    50
Dodge: Dodged            |    68 |   117 |    91 ||   276
